 Dungeon Crawl Stone Soup version 0.18.1-47-g9310371 (webtiles) character file.

129 Gargoyl the Skirmisher (level 4, -9/37 HPs)
             Began as a Demonspawn Abyssal Knight on June 14, 2016.
             Was a Believer of Lugonu.
             Mangled by Sigmund
             ... wielding a +0 scythe
              (10 damage)
             ... on level 2 of the Dungeon.
             The game lasted 00:04:00 (2691 turns).

Gargoyl the Skirmisher (Demonspawn Abyssal Knight)  Turns: 2691, Time: 00:04:01

Health: -9/37      AC:  7    Str: 10 (13) XL:     4   Next: 88%
Magic:  5/5        EV: 10    Int: 11 (13) God:    Lugonu [**....]
Gold:   93         SH:  0    Dex: 11 (13) Spells: 0 memorised, 3 levels left

rFire  . . .     SeeInvis .     a - +1 hand axe
rCold  . . .     Gourm    .     s - +0 ring mail
rNeg   . . .     Faith    .     (no shield)
rPois  .         Spirit   .     (no helmet)
rElec  .         Dismiss  .     u - +0 cloak {MR+}
rCorr  .         Reflect  .     (no gloves)
SustAt .         Harm     .     (no boots)
MR     +....                    (no amulet)
Stlth  +.........               (no ring)
                                t - ring of wizardry

@: somewhat resistant to hostile enchantments, very unstealthy
A: claws 1, molten scales 1
a: Depart the Abyss, Bend Space, Renounce Religion


You were on level 2 of the Dungeon.
You worshipped Lugonu.
Lugonu was pleased with you.
You were hungry.

You visited 1 branch of the dungeon, and saw 2 of its levels.
You visited the Abyss 1 time.

You collected 93 gold pieces.

Inventory:

Hand Weapons
 a - a +1 hand axe (weapon)
Armour
 s - a +0 ring mail (worn)
 u - a +0 cloak of magic resistance (worn)
Jewellery
 t - a ring of wizardry (left claw)
Scrolls
 e - 2 scrolls of fog {unknown}
 h - a scroll of random uselessness {unknown}
 i - a scroll of recharging {unknown}
 j - a scroll of enchant armour {unknown}
 m - a scroll of noise {unknown}
 o - a scroll of teleportation {unknown}
 p - a scroll of fear {unknown}
 q - 3 scrolls of identify {unknown}
 r - a scroll of remove curse {unknown}
Potions
 d - a potion of curing {unknown}
 k - a potion of degeneration
 l - a potion of magic {unknown}
 n - a potion of haste {unknown}
Comestibles
 c - 2 bread rations
 f - 2 meat rations
 g - 2 slices of pizza


   Skills:
 + Level 3.8 Fighting
 + Level 2.5 Axes
 * Level 2.7 Armour
 + Level 2.0 Dodging
 + Level 0.8 Stealth
 + Level 2.6 Invocations


You had 3 spell levels left.
You didn't know any spells.

Dungeon Overview and Level Annotations

Branches:
Dungeon (2/15)

Altars:
Nemelex Xobeh

Annotations:
D:2 Sigmund


Innate Abilities, Weirdness & Mutations

You have sharp fingernails.
You are partially covered in molten scales (AC +1).


Message History

You barely miss Sigmund.
Sigmund is moderately wounded.
Sigmund hits you but does no damage.
You hit Sigmund.
Sigmund is heavily wounded.
Sigmund gestures wildly while chanting.
Sigmund flickers and vanishes!
Deactivating autopickup; reactivate with Ctrl-A.
You hit something. Something hits you but does no damage.
You slash something! Something hits you!
* * * LOW HITPOINT WARNING * * *
You closely miss something. Something hits you!
* * * LOW HITPOINT WARNING * * *
You barely miss something.
Drink which item? (? for menu, Esc to quit)
It was a potion of degeneration.
There was something very wrong with that liquid.
You feel weakened.
You feel dopey.
You feel clumsy. Something hits you!
You die...

.##.#.........####........######.
.##.##.......## #.........# #[..
.##.###.....## #.##.....## #.##
.##.# ##...## #.###...## #.#
....# ##'## #.# ##.## #.# #####
######## #.# ### #.# ....... #.#
#.## ...#..{##.# ##.##
......†@..# ##.#.# ...#...#..#
#.###. ........#.# ##.#.#
#########.# ##.## ..# #### ###


There were no monsters in sight!

Vanquished Creatures
  Crazy Yiuf (D:2)
  Jessica (D:2)
  2 adders (D:2)
  A worm (D:2)
  A dart slug (D:1)
  2 giant geckos
  10 bats
  3 giant cockroaches
  5 goblins
  6 hobgoblins
  3 jackals (D:2)
  2 kobolds
  2 quokkas (D:2)
  A ball python (D:1)
  3 giant newts
  6 rats
49 creatures vanquished.

Notes
Turn   | Place    | Note
--------------------------------------------------------------
     0 | Abyss:1  | Gargoyl the Demonspawn Abyssal Knight began the quest for the Orb.
     0 | Abyss:1  | Reached XP level 1. HP: 18/18 MP: 2/2
    39 | Abyss:1  | Noticed an apocalypse crab
    47 | D:1      | Escaped the Abyss
   206 | D:1      | Reached * piety under Lugonu
   206 | D:1      | Reached skill level 1 in Dodging
   369 | D:1      | Gained mutation: You are partially covered in molten scales (AC +1). [demonic ancestry]
   369 | D:1      | Reached XP level 2. HP: 24/24 MP: 3/3
  1296 | D:2      | Reached XP level 3. HP: 23/29 MP: 4/4
  1591 | D:2      | Found a sparkling altar of Nemelex Xobeh.
  1706 | D:2      | Reached ** piety under Lugonu
  1747 | D:2      | Noticed Jessica
  1751 | D:2      | Killed Jessica
  1751 | D:2      | Gained mutation: You have sharp fingernails. [demonic ancestry]
  1751 | D:2      | Reached XP level 4. HP: 36/36 MP: 5/5
  2377 | D:2      | Noticed Crazy Yiuf
  2384 | D:2      | Killed Crazy Yiuf
  2668 | D:2      | Noticed Sigmund
  2689 | D:2      | HP: 1/37 [something (10)]
  2691 | D:2      | Mangled by Sigmund

Skill      XL: |  1  2  3  4 |
---------------+-------------+-----
Dodging        | 1 2 |  2.0
Axes           | 2 |  2.5
Armour         | 2 |  2.7
Fighting       | |  3.8
Stealth        | |  0.8
Invocations    | |  2.6

Action                   |  1- 3 |  4- 6 || total
-------------------------+-------+-------++-------
Melee: Hand axe          |   113 |    65 ||   178
Invok: Depart the Abyss  |     1 |       ||     1
  Use: Potion            |       |     1 ||     1
 Stab: Sleeping          |     1 |       ||     1
  Eat: Chunk             |     3 |     3 ||     6
Armor: Leather armour    |    36 |       ||    36
       Ring mail         |       |    29 ||    29
Dodge: Dodged            |    96 |    48 ||   144
